 Dungeon Crawl Stone Soup version 0.31.0-12-g77e489cdc1 (webtiles) character file.

Game seed: 4863733896038908899

54 Doomgape the Trooper (level 3, -1/34 HPs)
             Began as a Minotaur Fighter on Feb 18, 2024.
             Slain by a gnoll
             ... wielding a +0 halberd
              (13 damage)
             ... on level 2 of the Dungeon.
             The game lasted 00:01:52 (845 turns).

Doomgape the Trooper (Minotaur Fighter)              Turns: 845, Time: 00:01:53

Health: -1/34      AC:  7    Str: 22    XL:     3   Next: 66%
Magic:  2/2        EV:  5    Int:  5    God:
Gold:   49         SH:  0    Dex:  9    Spells: 2/2 levels left

rFire   . . .        a - +0 war axe
rCold   . . .        c - +0 buckler
rNeg    . . .        b - +0 scale mail
rPois   .            (helmet restricted)
rElec   .            (no cloak)
rCorr   .            (no gloves)
SInv    .            (no boots)
Will    .....        (no amulet) Stlth
                     (no ring)
HPRegen 0.25/turn    (no ring)
MPRegen 0.08/turn

%: no passive effects
@: held
A: horns 2, retaliatory headbutt
a: no special abilities


You were on level 2 of the Dungeon.
You visited 1 branch of the dungeon, and saw 2 of its levels.

You collected 49 gold pieces.

Inventory:

Hand Weapons
 a - a +0 war axe (weapon)
Armour
 b - a +0 scale mail (worn)
 c - a +0 buckler (worn)
Jewellery
 g - a ring of see invisible
Scrolls
 e - 2 scrolls of identify {unknown}
 i - 2 scrolls of teleportation {unknown}
 k - a scroll of immolation {unknown}
 l - a scroll of brand weapon {unknown}
 m - a scroll of noise {unknown}
 o - 2 scrolls of poison {unknown}
Potions
 d - 2 potions of might
 f - a potion of degeneration {unknown}
 h - a potion of magic {unknown}
 j - a potion of ambrosia {unknown}
 n - a potion of mutation {unknown}


   Skills:
 + Level 4.4 Fighting
 + Level 3.3 Axes
 + Level 4.4 Armour
 - Level 3.6 Shields


You had 2 spell levels left.
You didn't know any spells.
Your spell library was empty.

Dungeon Overview and Level Annotations

Branches:
Dungeon (2/15)

Altars:


Innate Abilities, Weirdness & Mutations

You have a pair of horns on your head.
You reflexively headbutt those who attack you in melee.


Message History

No target in view!
No target in view!
No target in view!
Found a falchion.
No target in view!
No target in view!
i - 2 scrolls labelled GIFFEMM LEHUBBEMP (gained 1)
A gnoll and a ribbon worm come into view.
A gnoll comes into view.
It is wielding a +4 spear. 2 gnolls come into view.
Found a stone staircase leading down.
The gnoll shouts!
You hit the gnoll but do no damage. The gnoll closely misses you.
You furiously retaliate!
You headbutt the gnoll. You slash the gnoll!
You kill the gnoll!
The gnoll barely misses you. The gnoll hits you with a +4 spear!
You block the gnoll's attack.
You hit the gnoll.
The gnoll is moderately wounded.
You hit the gnoll. The gnoll hits you with a +4 spear.
The ribbon worm expels a string of sticky webbing.
The stream of webbing misses you. The gnoll completely misses you.
You block the gnoll's attack.
You slash the gnoll!
You kill the gnoll!
You hit the gnoll.
The gnoll hits you from afar with a +0 halberd!
You are too injured to fight recklessly!
You are too injured to fight recklessly!
You are too injured to fight recklessly!
Unknown command.
You barely miss the gnoll. You headbutt the gnoll.
The gnoll is heavily wounded.
The gnoll hits you but does no damage. x2
The ribbon worm expels a string of sticky webbing.
The stream of webbing hits you but does no damage.
You are caught in a web!
The gnoll hits you from afar with a +0 halberd!
You die...

.............#
#####...<....#
#...........#
..##........###..
.............)....
# .
#......w.#####..
###...##.## ......
#..## ...... ##)@#
..... ##g..# .w..
##.g# .... ....
..#.. .....#
#>..... .###..


You could see a ribbon worm (catching breath) and 2 gnolls.

Vanquished Creatures
  2 gnolls (D:2)
  A dart slug (D:1)
  An orc (D:2)
  5 ball pythons
  2 bats (D:1)
  3 endoplasms (D:1)
  A giant cockroach (D:1)
  9 goblins (D:1)
  A hobgoblin (D:1)
  3 kobolds (D:1)
  3 rats
31 creatures vanquished.

Notes
Turn   | Place    | Note
-------+----------+-------------------------------------------
     0 | D:1      | Doomgape the Minotaur Fighter began the quest for the Orb.
     0 | D:1      | Reached XP level 1. HP: 19/19 MP: 0/0
   182 | D:1      | Reached XP level 2. HP: 24/27 MP: 1/1
   523 | D:1      | Reached XP level 3. HP: 33/33 MP: 2/2
   845 | D:2      | Slain by a gnoll

Illustrated notes

Levels and vault maps discovered:
D:1:      psy_arrival_dodecagon, layout_loops_ring, minmay_cupped
D:2:      cheibrodos_old_hovel, layout_rooms, serial_shops,
          nicolae_shop_rolled_up, basic_altar

Skill      XL: |  1  2 |
---------------+-------+-----
Fighting       | 4 |  4.4
Armour         | 4 |  4.4
Axes           | 3 |  3.3
Shields        | |  3.6

Action                     || total
---------------------------++-------
  Melee: War axe           ||    53
         Headbutt          ||     8
 Armour: Scale mail        ||    33
  Dodge: Dodged            ||    30
  Block: Buckler           ||    13
